 Dungeon Crawl Stone Soup version 0.30-a0-953-g5f1da4a474 (webtiles) character file.

Game seed: 17062891690756696609

200 Jeffwins the Magician (level 6, -5/41 HPs)
             Began as a Human Wanderer on Mar 29, 2023.
             Slain by an ice beast (11 damage)
             ... on level 4 of the Dungeon.
             The game lasted 00:05:38 (2885 turns).

Jeffwins the Magician (Human Wanderer)              Turns: 2885, Time: 00:05:38

Health: -5/41      AC:  7    Str: 14    XL:     6   Next: 7%
Magic:  6/13       EV:  9    Int: 16    God:
Gold:   163        SH:  0    Dex:  9    Spells: 10/14 levels left

rFire   . . .      SeeInvis .    o - +2 rapier (freeze)
rCold   . . .      Faith    .    (no shield)
rNeg    . . .      Spirit   .    c - +0 scale mail
rPois   .          Reflect  .    e - +0 helmet
rElec   .          Rampage  .    (no cloak)
rCorr   .                        (no gloves)
Will    .....                    (no boots) Stlth
                                 (no amulet)
HPRegen 0.26/turn                (no ring)
MPRegen 0.13/turn                (no ring)

@: no status effects
A: no striking features
a: no special abilities


You were on level 4 of the Dungeon.
You visited 1 branch of the dungeon, and saw 4 of its levels.

You collected 163 gold pieces.


   Skills:
 * Level 1.0 Short Blades
 - Level 2.0 Armour
 + Level 2.2 Stealth
 * Level 4.7 Spellcasting
 * Level 3.2 Transmutations
 * Level 1.0 Fire Magic
 * Level 2.5 Poison Magic
 - Level 1.0 Evocations


You had 10 spell levels left.
You knew the following spells:

 Your Spells              Type           Power      Damage    Failure   Level
z - Sting                 Tmut/Pois      52%        1d5       21%         1
X - Ignite Poison         Fire/Tmut/Pois 11%        N/A       61%         3

Your spell library contained the following spells:

 Spells                   Type           Power      Damage    Failure   Level
 Spider Form              Tmut/Pois      13%        N/A       52%         3
 Slow                     Hex            12%        N/A       54%         1
 Inner Flame              Hex/Fire       5%         N/A       85%         3
 Call Canine Familiar     Summ           3%         N/A       89%         3
 Portal Projectile        Hex/Tloc       6%         N/A       89%         3
 Leda's Liquefaction      Hex/Erth       1%         N/A       100%        4

Inventory:

Hand Weapons
 a - the +0 dagger of Iconoclasm {holy, rF+ Int+3}
   (You found it on level 2 of the Dungeon)

   Int:       It affects your intelligence (+3).
   rF:        It protects you from fire.
 o - a +2 rapier of freezing (weapon)
Missiles
 n - 6 poisoned darts (quivered)
Armour
 c - a +0 scale mail (worn)
 e - a +0 helmet (worn)
 m - an orb of guile
Scrolls
 b - a scroll of fear
 d - a scroll of vulnerability {unknown}
 f - 5 scrolls of identify {unknown}
 h - 2 scrolls of enchant armour {unknown}
 i - 2 scrolls of brand weapon {unknown}
 l - a scroll of poison {unknown}
 p - a scroll of amnesia {unknown}
 q - a scroll of teleportation {unknown}
Potions
 g - a potion of might
 j - a potion of haste {unknown}
 k - 2 potions of heal wounds {unknown}

Dungeon Overview and Level Annotations

Branches:
Dungeon (4/15)
 Temple: D:4-7

Altars:

...........+.........'........###
###.#...####.........####........
###.##.######.......## ##.##.###
.#........# ##.....## ####.#
.#..#####.# ##...## #.#
.#..#####.# ##'## #.# .#.....##.#
#.# ######.# .#.....†..# #Y#
##......# .#####.#### ##@##
#...##### .# #.#
###...#####...### .# #.#
##......##.......# ##
#.#####................#
#........##.####.......#
############# ###...### #...#
#####


You could see an ice beast (very poisoned).


Message History

The sting hits the ice beast but does no damage.
The ice beast looks even sicker.
The ice beast is lightly wounded.
The ice beast hits you but does no damage.
Casting: Sting (safe; 21% risk of failure)
Confirm with . or Enter, or press ? or * to list all spells.
Aiming: Sting (safe; 21% risk of failure)
Press: ? - help, Shift-Dir - straight line, f/p - ice beast
Aim: an ice beast (moderately wounded, very poisoned, 71% to hit)
The sting hits the ice beast.
The ice beast partially resists.
The ice beast looks as sick as possible!
The ice beast is moderately wounded.
The ice beast hits you but does no damage.
Unknown command.
You hit the ice beast.
The ice beast is severely wounded.
The ice beast hits you.
* * * LOW HITPOINT WARNING * * *
The ice beast freezes you!
* * * LOW HITPOINT WARNING * * *
You hit the ice beast.
The ice beast is almost dead.
The ice beast barely misses you.
Your magical contamination has completely faded away.
You hit the ice beast but do no damage.
The ice beast is almost dead.
The ice beast hits you.
* * * LOW HITPOINT WARNING * * *
The ice beast freezes you!
You die...

Skill      XL: |  1  2  3  4  5 |
---------------+----------------+-----
Poison Magic   | 1 2 |  2.5
Transmutations | 3 |  3.2
Stealth        | 2 |  2.2
Short Blades   | 1 |  1.0
Fire Magic     | 1 |  1.0
Armour         | |  2.0
Spellcasting   | |  4.7
Evocations     | |  1.0

Action                     |  1- 3 |  4- 6 || total
---------------------------+-------+-------++-------
  Melee: Club              |    12 |       ||    12
         Punch             |     3 |     1 ||     4
         Whip              |    40 |       ||    40
         Dagger            |    89 |       ||    89
         Rapier            |    15 |    52 ||    67
   Cast: Sting             |    17 |    36 ||    53
    Use: Potion            |       |     1 ||     1
 Armour: Scale mail        |    96 |    52 ||   148
  Dodge: Dodged            |   111 |    39 ||   150

Levels and vault maps discovered:
D:1:      lemuel_arrival_room, layout_basic,
          nicolae_concentric_dashed_squares_wild,
          chequers_serial_rivers_micro_a, minmay_heptomino_d4
D:2:      layout_basic, hellmonk_ecumenical_altar_watching_god
D:3:      layout_basic
D:4:      layout_loops_corners, kennysheep_decorative_pillar, uniq_natasha

Notes
Turn   | Place    | Note
-------+----------+-------------------------------------------
     0 | D:1      | Jeffwins the Human Wanderer began the quest for the Orb.
     0 | D:1      | Jeffwins set off with the following items: a +0 club, a
                  | scroll of fear, a +0 scale mail; and the following spells
                  | available to memorise: Sting, Slow, Spider Form, Ignite
                  | Poison, Inner Flame.
     0 | D:1      | Reached XP level 1. HP: 13/13 MP: 5/5
     2 | D:1      | Learned a level 1 spell: Sting
   240 | D:1      | Reached XP level 2. HP: 18/19 MP: 5/7
   504 | D:1      | Reached skill level 1 in Poison Magic
   546 | D:1      | Reached XP level 3. HP: 21/24 MP: 1/8
   907 | D:2      | Identified the +0 dagger of Iconoclasm {holy, rF+ Int+3}
   973 | D:2      | Noticed a great orb of eyes
  1084 | D:2      | Noticed a shining eye
  1096 | D:2      | Found a faded altar of an unknown god.
  1097 | D:2      | Noticed an eye of devastation
  1097 | D:2      | Noticed an eye of devastation
  1295 | D:2      | Reached XP level 4. HP: 11/30 MP: 6/10
  1815 | D:3      | Reached skill level 2 in Poison Magic
  1862 | D:3      | Reached skill level 3 in Transmutations
  2237 | D:3      | Reached XP level 5. HP: 26/35 MP: 11/11
  2241 | D:3      | Learned a level 3 spell: Ignite Poison
  2407 | D:4      | Reached skill level 2 in Stealth
  2515 | D:4      | HP: 1/35 [iguana (7)]
  2517 | D:4      | Reached skill level 1 in Short Blades
  2517 | D:4      | Reached skill level 1 in Fire Magic
  2517 | D:4      | Reached XP level 6. HP: 2/41 MP: 2/13
  2855 | D:4      | Noticed an ice beast
  2885 | D:4      | Slain by an ice beast

Vanquished Creatures
  A scorpion (D:4)
  An iguana (D:4)
  3 adders
  An ufetubus (D:4)
  3 worms
  2 dart slugs (D:1)
  4 bats
  4 endoplasms
  4 giant cockroaches
  5 goblins
  3 hobgoblins
  4 jackals (D:2)
  2 quokkas
  13 ball pythons
  8 frilled lizards
  5 kobolds
  3 rats
66 creatures vanquished.

Table legend: (Time is in decaauts)
 A = Elapsed time spent in this place.
 B = Non-inter-level travel time spent in this place.
 C = Inter-level travel time spent in this place.
 D = Time resting spent in this place.
 E = Time spent auto-exploring this place.
 F = Levels seen in this place.
 G = Mean time per level.
                   A        B        C        D        E       F      G
               +--------+--------+--------+--------+--------+-----+--------+
         Total |   2904 |   2827 |     77 |     27 |   2218 |   4 |  726.0 |
       Dungeon |   2904 |   2827 |     77 |     27 |   2218 |   4 |  726.0 |
               +--------+--------+--------+--------+--------+-----+--------+

Top non-repeatable levels by time:
     D:1: 889 daAuts
     D:3: 794 daAuts
     D:2: 720 daAuts
     D:4: 499 daAuts

Table legend:
 A = Non-vault XP
 B = Vault XP
 C = Vault XP percentage of total XP
 D = Non-vault monster count
 E = Vault monster count
 F = Vault count percentage of total count
                 A         B        C        D         E       F
            +---------+---------+-------+---------+---------+-------
      Total |     282 |       5 |   1.7 |      63 |       3 |   4.5
            +---------+---------+-------+---------+---------+-------
        D:1 |      28 |       5 |  15.2 |      16 |       3 |  15.8
        D:2 |      57 |       0 |   0.0 |      25 |       0 |   0.0
        D:3 |      53 |       0 |   0.0 |      14 |       0 |   0.0
        D:4 |     144 |       0 |   0.0 |       8 |       0 |   0.0
            +---------+---------+-------+---------+---------+-------
